 BcadrenCrawl: Boulder Brew version 0.04.2-19-ga012a504bd (webtiles) character file.

Game seed: 15814092992132390832, levelgen mode: deterministic

19 Ezendos the Dualist (level 2, 20/20 HPs) Immature Draconian Priest. Began on Oct 17, 2020. Was a Believer of Bahamut & Tiamat. Quit the game on level 1 of the Dungeon on May 18, 2021. The game lasted 00:03:53 (250 turns).

Ezendos the Dualist (Immature Draconian Priest)      Turns: 250, Time: 00:03:54

Health: 20/20      AC:  5    Str: 14    XL:     2 ^: 13
Magic:  5/5        EV: 12    Int: 12    God:    Bahamut & Tiamat [2* [58]]
Gold:   23         SH:  0    Dex: 10    Spells: 1/1 levels left

rFire    . . .     Vision   .     - Unarmed
rCold    . . .     Gourm    .     - Unarmed
rNeg     . . .     Faith    .   (armour unavailable)
rPois    .         Spirit   .   (helmet restricted)
rElec    .         Reflect  .   (no cloak)
rCorr    .         Harm     .   (no gloves)
MR       .....                  (no boots)
Stlth    ++........             (no amulet)
HPRegen  0.16/turn              (no ring)
MPRegen  0.15/turn              (no ring)

@: no status effects
A: no body armour, unfitting armour, cold-blooded, AC +5
a: Breathe Dart, Choose Bahamut's Refined Breath, Choose Tiamat's Adaptive
Breath, Renounce Religion


You were on level 1 of the Dungeon.
You worshipped Bahamut & Tiamat.
Bahamut & Tiamat was pleased with you.
You were not hungry.

You visited 1 branch of the dungeon, and saw 2 of its levels.
You also visited: Temple.

You collected 23 gold pieces.

Inventory:

Scrolls
 c - a scroll of fog
Comestibles
 a - a ration
 b - 6 chunks of flesh


   Skills:
 + Level 2.1 Dodging
 + Level 1.4 Stealth
 + Level 3.1 Unarmed Combat
 + Level 4.1 Invocations


You had one spell level left.
You didn't know any spells.
Your spell library was empty.

Dungeon Overview and Level Annotations

Branches:
Dungeon (2/8)

Altars:


Innate Abilities, Weirdness & Mutations

You cannot fit into any form of body armour.
Your plain brown scales are resilient. (AC +5)
You can breathe rudimentary magical darts.
You are cold-blooded and may be slowed by cold attacks.


Message History

Butcher a giant cockroach corpse? [(y)es/(n)o/(a)ll/(q)uit/?]
You butcher the giant cockroach corpse.
You butcher the leopard gecko corpse.
You have got your breath back.
b - 5 chunks of flesh (gained 2);
b - 6 chunks of flesh (gained 1)
Things that are here:
a kobold corpse; a leopard gecko skeleton
There is a stone staircase leading down here.
You climb downwards.
There is a stone staircase leading up here.
There is a stone staircase leading up here.
You climb upwards.
There is a stone staircase leading down here.
Saving game... please wait.
Welcome back, Ezendos the Immature Draconian Priest.
Press ? for a list of commands and other information.
Saving game... please wait.
Welcome back, Ezendos the Immature Draconian Priest.
Press ? for a list of commands and other information.
Are you sure you want to abandon this character and quit the game? (Confirm with "yes".)

........#.!...........#
#....................#
#....................#
#.............[......#
#.................†..##
#.......####.#.........
#####..## #†##........
#..# #........... #.@#
####.....†.. ####
#........ #........
#..?..... #........
#........ #...[....
#........ #########


There were no monsters in sight!

Vanquished Creatures
  A cinder newt (D:1)
  An ooze (D:1)
  2 leopard geckos (D:1)
  A giant cockroach (D:1)
  A kobold (D:1)
  2 rats (D:1)
8 creatures vanquished.

Notes
Turn   | Place    | Note
-------+----------+-------------------------------------------
     0 | Start Te | Ezendos the Immature Draconian Priest began the quest for
                  | the Orb.
     0 | Start Te | Reached XP level 1. HP: 14/14 MP: 3/3
     0 | Start Te | Found a sparkling altar of Nemelex Xobeh.
     1 | Start Te | Found a basalt altar of Yredelemnul.
     1 | Start Te | Found a white marble altar of Elyvilon.
     2 | Start Te | Found an iron altar of Okawaru.
     3 | Start Te | Found a glowing silver altar of Zin.
     3 | Start Te | Found a blossoming altar of Fedhas.
     4 | Start Te | Found a stormy altar of Qazlal.
     5 | Start Te | Found a glowing golden altar of the Shining One.
     5 | Start Te | Found an opulent altar of Gozag.
     6 | Start Te | Found a sacrificial altar of Ru.
     7 | Start Te | Found an ornate altar of Bahamut and Tiamat.
     7 | Start Te | Found a hazy altar of Hepliaklqana.
    15 | Start Te | Became a worshipper of Bahamut & Tiamat
    15 | Start Te | Reached * piety under Bahamut & Tiamat
    15 | Start Te | Reached ** piety under Bahamut & Tiamat
   129 | D:1      | Reached XP level 2. HP: 20/20 MP: 5/5
   250 | D:1      | Upgraded the game from 0.02-122-g12e50fee3c to
                  | 0.04.2-19-ga012a504bd
   250 | D:1      | Quit the game

Levels and vault maps discovered:
D:1:      minmay_arrival_loop, layout_basic
D:2:      minmay_evil_eye, layout_sewer, nemelex_xobeh_ov_fountains_minmay,
          grunt_temple_overflow_open, uniq_purgy, uniq_duvessa

Skill      XL: |  1  2 |
---------------+-------+-----
Dodging        | 2 |  2.1
Unarmed Combat | 3 |  3.1
Stealth        | |  1.4
Invocations    | |  4.1

Action                   || total
-------------------------++-------
Melee: Unarmed           ||    57
       Peck              ||     2
Invok: Choose Bahamut's  ||     1
 Abil: Breathe Dart      ||     4
Armor: Skin              ||     5
       MtDmg: ???        ||    21
